 Dungeon Crawl Stone Soup version 0.28.0-53-g5a82cb258f (webtiles) character file.

Game seed: 4241657263658645281

2161 xtzero the Cleaver (level 9, 0/70 HPs)
             Began as a Hill Orc Fighter on June 7, 2022.
             Slain by a wolf spider zombie (4 damage)
             ... on level 7 of the Dungeon.
             The game lasted 00:13:37 (8941 turns).

xtzero the Cleaver (Hill Orc Fighter)               Turns: 8941, Time: 00:13:38

Health: 0/70       AC: 12    Str: 23    XL:     9   Next: 32%
Magic:  9/9        EV:  9    Int:  8    God:
Gold:   312        SH:  4    Dex: 10    Spells: 8/8 levels left

rFire   . . .      SeeInvis .   a - +0 war axe
rCold   . . .      Faith    .   c - +0 buckler
rNeg    . . .      Spirit   .   e - +0 chain mail
rPois   .          Reflect  .   z - +2 hat
rElec   .          Harm     .   (no cloak)
rCorr   .          Rampage  .   (no gloves)
Will    .....                   h - +0 pair of boots
Stlth   ..........              (no amulet)
HPRegen 0.21/turn               (no ring)
MPRegen 0.11/turn               (no ring)

@: no status effects
A: no striking features
a: no special abilities


You were on level 7 of the Dungeon.
You visited 2 branches of the dungeon, and saw 8 of its levels.
You also visited: Sewer.

You collected 312 gold pieces.

Inventory:

Hand Weapons
 a - a +0 war axe (weapon)
 o - a +1 vorpal hand axe
Missiles
 g - 192 stones (quivered)
 p - 23 poisoned darts
 w - 3 boomerangs
 C - a curare-tipped dart
Armour
 c - a +0 buckler (worn)
 e - a +0 chain mail (worn)
 h - a +0 pair of boots (worn)
 z - a +2 hat (worn)
Wands
 D - a wand of acid (14)
Scrolls
 b - a scroll of silence {unknown}
 f - 9 scrolls of identify {unknown}
 i - a scroll of holy word {unknown}
 l - 2 scrolls of fear {unknown}
 m - 5 scrolls of teleportation {unknown}
 s - a scroll of acquirement {unknown}
 v - 4 scrolls of noise {unknown}
 x - a scroll of magic mapping {unknown}
 y - a scroll of vulnerability {unknown}
 A - 2 scrolls of blinking {unknown}
 B - a scroll of enchant armour {unknown}
 E - a scroll of torment {unknown}
Potions
 d - 3 potions of might
 j - 9 potions of curing {unknown}
 k - a potion of degeneration {unknown}
 n - a potion of attraction {unknown}
 q - a potion of lignification {unknown}
 r - 2 potions of heal wounds {unknown}
 t - a potion of magic {unknown}
 u - a potion of brilliance {unknown}
 F - a potion of flight {unknown}
 G - a potion of mutation {unknown}


   Skills:
 - Level 3.6 Fighting
 - Level 11.0 Axes
 - Level 3.2 Armour
 + Level 6.0 Dodging
 + Level 4.3 Stealth
 - Level 3.2 Shields


You had 8 spell levels left.
You didn't know any spells.
Your spell library contained the following spells:

 Spells                   Type           Power      Damage    Failure   Level
 Beastly Appendage        Tmut           0%         N/A       99%         1
 Corpse Rot               Necr/Air       0%         N/A       100%        2
 Wereblood                Tmut           0%         N/A       100%        2
 Spider Form              Tmut/Pois      0%         N/A       100%        3
 Dispel Undead            Necr           0%         3d6       100%        4
 Death Channel            Necr           0%         N/A       100%        6


Dungeon Overview and Level Annotations

Branches:
Dungeon (7/15)             Temple (1/1) D:5           Sewer (visited)

Altars:
Cheibriados
Dithmenos
Elyvilon
Fedhas
Hepliaklqana
Makhleb
Nemelex Xobeh
Okawaru
Qazlal
Ru
Sif Muna
Trog
Uskayaw
Vehumet
Wu Jian
Xom
Yredelemnul
Zin
The Shining One

Shops:
D:7 [

Portals:
Abyss: D:4

Annotations:
D:4 2 transporters, diceflayer's ghost, amateur MiFi
D:6 3 runed translucent doors, MisterFreud's ghost, weakling GnDe


Message History

The wolf spider zombie bites you.
You slash the wolf spider zombie!
The wolf spider zombie is moderately damaged.
The wolf spider zombie completely misses you.
The wolf spider zombie bites you but does no damage.
The wolf spider zombie hits you!
You block the wolf spider zombie's attack.
You hit the wolf spider zombie.
The wolf spider zombie is moderately damaged.
The wolf spider zombie hits you!
You block the wolf spider zombie's attack.
You hit the wolf spider zombie.
The wolf spider zombie is heavily damaged.
The wolf spider zombie hits you!
The wolf spider zombie bites you but does no damage.
You hit the wolf spider zombie but do no damage.
The wolf spider zombie is heavily damaged.
You block the wolf spider zombie's attack.
The wolf spider zombie bites you but does no damage.
You hit the wolf spider zombie.
The wolf spider zombie is heavily damaged.
The wolf spider zombie hits you but does no damage.
You block the wolf spider zombie's attack. x2
The wolf spider zombie closely misses you.
You barely miss the wolf spider zombie.
The wolf spider zombie is heavily damaged.
The wolf spider zombie hits you!
* * * LOW HITPOINT WARNING * * *
The wolf spider zombie barely misses you.
You slash the wolf spider zombie!
The wolf spider zombie is heavily damaged.
The wolf spider zombie completely misses you.
The wolf spider zombie bites you but does no damage.
You slash the wolf spider zombie!
The wolf spider zombie is severely damaged.
The wolf spider zombie hits you!
* * * LOW HITPOINT WARNING * * *
The wolf spider zombie closely misses you.
The wolf spider zombie hits you.
You die...

##### .....#
......# ####
.......####≈≈####
.......').∩..@..+
.......####.Z####
....... ........
.....Z.........Z.#
...Z..####.######..
...... #. . ......
.. ...... ..#


You could see a wolf spider zombie.

Vanquished Creatures
  Prince Ribbit (D:5)
  A steam dragon (D:6)
  A water moccasin (D:5)
  A hornet zombie (D:7)
  A black bear (D:5)
  A sky beast (D:7)
  A necrophage (D:4)
  An ogre (D:6)
  A phantom (D:4)
  2 centaurs
  2 kobold brigands (D:6)
  5 scorpions
  A howler monkey (D:6)
  2 hounds
  3 jellies (Sewer)
  A bullfrog skeleton (D:5)
  2 orc priests
  An iguana (D:5)
  A scorpion zombie (D:5)
  2 orc wizards
  8 adders
  A river rat (Sewer)
  A white imp (D:5)
  An ufetubus (D:6)
  3 dart slugs
  16 orcs
  16 endoplasms
  7 giant cockroaches
  2 goblins (D:2)
  7 hobgoblins
  6 jackals
  15 kobolds
  4 quokkas
  9 ball pythons
  8 bats
  7 frilled lizards
  4 rats
146 creatures vanquished.

Vanquished Creatures (others)
  2 withered plants (D:7)
2 creatures vanquished.

Grand Total: 148 creatures vanquished

Notes
Turn   | Place    | Note
-------+----------+-------------------------------------------
     0 | D:1      | xtzero the Hill Orc Fighter began the quest for the Orb.
     0 | D:1      | Reached XP level 1. HP: 19/19 MP: 1/1
    65 | D:1      | Reached skill level 3 in Axes
    85 | D:1      | Reached XP level 2. HP: 22/26 MP: 2/2
   928 | D:2      | Reached skill level 4 in Axes
   948 | D:2      | Reached XP level 3. HP: 16/31 MP: 3/3
  1662 | D:2      | Reached skill level 5 in Axes
  1740 | D:2      | Reached XP level 4. HP: 39/39 MP: 4/4
  1951 | D:3      | Reached skill level 1 in Dodging
  2064 | D:3      | Found a faded altar of an unknown god.
  2498 | D:3      | Found a shimmering blue altar of Sif Muna.
  2660 | D:4      | Noticed a phantom
  2671 | D:4      | Found a snail-covered altar of Cheibriados.
  2696 | D:4      | Killed a phantom
  2697 | D:4      | Reached skill level 6 in Axes
  2697 | D:4      | Reached XP level 5. HP: 12/45 MP: 5/5
  2704 | D:4      | Noticed a necrophage
  2729 | D:4      | Killed a necrophage
  2730 | D:4      | Reached skill level 7 in Axes
  2730 | D:4      | Reached XP level 6. HP: 9/51 MP: 6/6
  2836 | D:4      | Found a glowing drain.
  2870 | Sewer    | Entered a sewer
  3128 | Sewer    | Reached skill level 8 in Axes
  3645 | Sewer    | Found a viscous altar of Jiyva.
  3743 | Sewer    | HP: 1/51 [acid (8)]
  3752 | Sewer    | Reached skill level 9 in Axes
  4145 | D:4      | Reached XP level 7. HP: 57/57 MP: 7/7
  4189 | D:4      | Found a one-way gate to the infinite horrors of the Abyss.
  4189 | D:4      | Noticed diceflayer's ghost (amateur MiFi)
  4451 | D:4      | Found a transporter.
  4508 | D:4      | Reached skill level 10 in Axes
  5275 | D:4      | Found a transporter.
  5381 | D:5      | Entered Level 5 of the Dungeon
  5586 | D:5      | Noticed Prince Ribbit
  5599 | D:5      | Killed Prince Ribbit
  5600 | D:5      | Reached skill level 11 in Axes
  5600 | D:5      | Reached XP level 8. HP: 55/64 MP: 8/8
  5681 | D:5      | Found a hide-covered altar of Uskayaw.
  6020 | D:5      | Found a staircase to the Ecumenical Temple.
  6033 | Temple   | Entered the Ecumenical Temple
  7347 | D:6      | Reached skill level 5 in Dodging
  7347 | D:6      | Reached XP level 9. HP: 70/70 MP: 9/9
  8257 | D:6      | Found a runed translucent gate.
  8257 | D:6      | Found a runed translucent gate.
  8257 | D:6      | Found a runed translucent gate.
  8258 | D:6      | Noticed MisterFreud's ghost (weakling GnDe)
  8258 | D:6      | Noticed a kobold demonologist
  8453 | D:6      | Found a sacrificial altar of Ru.
  8827 | D:7      | Found Uhiug's Armour Shop.
  8941 | D:7      | Slain by a wolf spider zombie

Illustrated notes

Levels and vault maps discovered:
D:1:      lemuel_arrival_behind_the_door_large, layout_loops_ring, minivault_14,
          lemuel_old_faithful
D:2:      layout_basic, hangedman_decor_lopped
D:3:      layout_basic, kennysheep_orc_sif_temple,
          shapermc_ecumenical_altar_mp_highgroup
D:4:      layout_basic, mainiacjoe_overflow_alcove_2,
          gammafunk_ghost_abyssal_escape, portal_sewer_entry_f, minmay_ruptured
D:5:      layout_loops_corners, mainiacjoe_overflow_concentric_impassable,
          temple_green, minmay_misc_feat_chi, uniq_prince_ribbit1
D:6:      layout_loops_ring, kennysheep_mini_moat,
          gammafunk_ghost_nasty_kobolds, nrook_campfire, minivault_5,
          roderic_serpentine_path, hangedman_glass_teeth
D:7:      cheibrodos_grave_circle, layout_rooms, serial_shops,
          nicolae_shop_hallway_stairs, uniq_crazy_yiuf_cottage
Temple:   regret_index_temple_generic_petals

Skill      XL: |  1  2  3  4  5  6  7  8  9 |
---------------+----------------------------+-----
Axes           | 3 4 5 6 7 9 11 | 11.0
Dodging        | 1 2 5 6 |  6.0
Stealth        | 2 3 4 |  4.3
Fighting       | |  3.6
Armour         | |  3.2
Shields        | |  3.2

Action                   |  1- 3 |  4- 6 |  7- 9 || total
-------------------------+-------+-------+-------++-------
Melee: War axe           |    89 |   213 |   201 ||   503
  Use: Potion            |       |       |     1 ||     1
Armor: Chain mail        |    74 |   125 |   113 ||   312
Dodge: Dodged            |    44 |    67 |    76 ||   187
Block: Buckler           |    29 |    46 |    41 ||   116
